 Dungeon Crawl Stone Soup version 0.25-a0-1119-g28b6fd0c3b (webtiles) character file.

Game seed: 8401606841454558201, levelgen mode: deterministic

88 kae the Chiller (level 4, -3/30 HPs)
             Began as a Merfolk Ice Elementalist on May 18, 2020.
             Killed from afar by an orc wizard (13 damage)
             ... with a puff of frost
             ... on level 3 of the Dungeon.
             The game lasted 00:02:15 (2744 turns).

kae the Chiller (Merfolk Ice Elementalist)          Turns: 2744, Time: 00:02:15

Health: -3/30      AC:  2    Str:  9    XL:     4   Next: 54%
Magic:  6/8        EV: 13    Int: 14    God:
Gold:   232        SH:  0    Dex: 14    Spells: 7/8 levels left

rFire    + . .     SeeInvis .   d - +0 hand axe
rCold    . . .     Gourm    .   (no shield)
rNeg     . . .     Faith    .   a - +0 robe
rPois    .         Spirit   .   (no helmet)
rElec    .         Reflect  .   (no cloak)
rCorr    .         Harm     .   (no gloves)
MR       .....                  (no boots)
Stlth    +++.......             (no amulet)
HPRegen  0.10/turn              i - ring of protection from fire
MPRegen  0.11/turn              m - ring of stealth

@: no status effects
A: change form in water, swift swim, stealthy swim
a: no special abilities


You were on level 3 of the Dungeon.
You were hungry.

You visited 1 branch of the dungeon, and saw 3 of its levels.

You collected 232 gold pieces.

Inventory:

Hand Weapons
 d - a +0 hand axe (weapon)
Armour
 a - a +0 robe (worn)
Jewellery
 i - a ring of protection from fire (left hand)
 m - a ring of stealth (right hand)
Wands
 k - a wand of clouds (4)
Scrolls
 b - a scroll of teleportation
 e - a scroll of blinking
 h - 2 scrolls of amnesia
 j - 3 scrolls of remove curse
Potions
 g - 2 potions of stabbing
 l - a potion of mutation {unknown}
Comestibles
 c - 3 rations


   Skills:
 - Level 2.6 Dodging
 - Level 2.1 Stealth
 + Level 2.9 Spellcasting
 * Level 5.8 Ice Magic


You had 7 spell levels left.
You knew the following spells:

 Your Spells              Type           Power        Failure   Level  Hunger
a - Freeze                Ice            ###.         1%          1    #......

Your spell library contained the following spells:

 Spells                   Type           Power        Failure   Level  Hunger
 Frozen Ramparts          Ice            ###...       6%          3    ###....
 Ensorcelled Hibernation  Hex/Ice        ##....       10%         2    ##.....
 Ozocubu's Armour         Chrm/Ice       ##......     21%         3    ###....
 Corona                   Hex            #......      22%         1    #......
 Confusing Touch          Hex            #.......     54%         3    ###....
 Dazzling Flash           Conj/Hex       #.....       54%         3    ###....
 Gell's Gravitas          Tloc           #.........   54%         3    ###....
 Tukima's Dance           Hex            #.......     54%         3    ###....
 Hailstorm                Conj/Ice       ##......     54%         4    #####..
 Summon Ice Beast         Ice/Summ       ##......     54%         4    #####..
 Metabolic Englaciation   Hex/Ice        ##........   88%         5    ######.
 Petrify                  Tmut/Erth      #.......     91%         4    #####..
 Yara's Violent Unravell  Hex/Tmut       #.........   99%         5    ######.


Dungeon Overview and Level Annotations

Branches:
Dungeon (3/15)

Altars:
Gozag
Hepliaklqana
Nemelex Xobeh
Okawaru
Xom
Zin


Message History

You hit the giant cockroach.
You kill the giant cockroach!
Something hits you.
You miss something. Something hits you. x2
You closely miss something. Something barely misses you.
You hear some strange, mumbled words.
A puff of flame appears from out of thin air!
The puff of flame hits you. You resist.
Casting: Freeze (safe; 1% risk of failure)
Confirm with . or Enter, or press ? or * to list all spells.
Aiming: Freeze (safe; 1% risk of failure)
Press: ? - help, Shift-Dir - straight line You freeze something!
You hear some strange, mumbled words.
A magic dart appears from out of thin air!
The magic dart hits you.
You hear some strange, mumbled words.
A puff of frost appears from out of thin air!
The puff of frost hits you!
You die...

#...........#..#
####........##.####
#######.....##....
...# #.....##..#
...# ##.....##..#
...# #..........#
...# #......###.##
...###......# #..#
............# ##@#
...........##
##{##.####
...........#
#obo......
#...<......#
#..##.###.
#..........# #...
.. #..........#
...## .#
#....).....# .....
#
############......
#......


You could see 2 orcs and a bat.

Vanquished Creatures
  An orc wizard (D:3)
  An adder (D:3)
  A worm (D:3)
  4 leopard geckos
  2 orcs (D:3)
  A ball python (D:3)
  4 giant cockroaches
  6 hobgoblins
  3 bats (D:1)
  4 frilled lizards
  5 goblins
  8 kobolds
  6 rats
46 creatures vanquished.

Notes
Turn   | Place    | Note
-------+----------+-------------------------------------------
     0 | D:1      | kae the Merfolk Ice Elementalist began the quest for the
                  | Orb.
     0 | D:1      | Reached XP level 1. HP: 13/13 MP: 3/3
   296 | D:1      | Reached XP level 2. HP: 19/19 MP: 1/5
  1271 | D:2      | Reached skill level 5 in Ice Magic
  1434 | D:2      | Reached XP level 3. HP: 15/24 MP: 1/6
  1668 | D:2      | Found an opulent altar of Gozag.
  1670 | D:2      | Found a glowing golden altar of the Shining One.
  1670 | D:2      | Found a glowing silver altar of Zin.
  1672 | D:2      | Found a sparkling altar of Nemelex Xobeh.
  1672 | D:2      | Found a hazy altar of Hepliaklqana.
  1672 | D:2      | Found a shimmering altar of Xom.
  2207 | D:3      | Found a faded altar of an unknown god.
  2304 | D:3      | Found an iron altar of Okawaru.
  2609 | D:3      | Reached XP level 4. HP: 30/30 MP: 5/8
  2744 | D:3      | Killed from afar by an orc wizard

Illustrated notes

Levels and vault maps discovered:
D:1:      dpeg_arrival_ratfight, layout_basic, minmay_vboxes
D:2:      layout_basic, grunt_ministairs_9, doesnt_xom_only_xom
D:3:      layout_basic, chequers_ecumenical_altar_simple_redux,
          chequers_serial_rivers_small_b, okawaru_altar_gauntlet_db,
          uniq_crazy_yiuf_cottage

Skill      XL: |  1  2 |
---------------+-------+-----
Ice Magic      | 5 |  5.8
Dodging        | |  2.6
Stealth        | |  2.1
Spellcasting   | |  2.9

Action                   |  1- 3 |  4- 6 || total
-------------------------+-------+-------++-------
Melee: Unarmed           |     5 |       ||     5
       Hand axe          |     8 |    31 ||    39
 Cast: Freeze            |    60 |     7 ||    67
  Use: Scroll            |     8 |       ||     8
       Potion            |       |     1 ||     1
 Stab: Sleeping          |     1 |       ||     1
  Eat: Chunk             |     6 |       ||     6
Armor: Robe              |     9 |     3 ||    12
       Skin              |       |    28 ||    28
Dodge: Dodged            |    32 |    14 ||    46

Table legend:
 A = Non-vault XP
 B = Vault XP
 C = Vault XP percentage of total XP
 D = Non-vault monster count
 E = Vault monster count
 F = Vault count percentage of total count
                 A         B        C        D         E       F
            +---------+---------+-------+---------+---------+-------
      Total |     102 |      25 |  19.7 |      30 |      16 |  34.8
            +---------+---------+-------+---------+---------+-------
        D:1 |      11 |       8 |  42.1 |       8 |       7 |  46.7
        D:2 |      11 |       6 |  35.3 |       6 |       3 |  33.3
        D:3 |      80 |      11 |  12.1 |      16 |       6 |  27.3
            +---------+---------+-------+---------+---------+-------
